[Event "Titled Tuesday Blitz May 03 Early 2022"]
[White "Kozin, Yuri"]
[Black "Gu, Xiaobing"]
[WhiteFideId "4129920"]
[BlackFideId "8602611"]
[WhiteElo "2600"]
[BlackElo "2174"]
[Result "1-0"]
[Round "01"]
[TimeControl "180+1"]
[Date "2022.05.03"]
[WhiteClock "0:00:05"]
[BlackClock "0:00:05"]

1. e4 c5 2. Nf3 d6 3. d4 cxd4 4. Nxd4 Nf6 5. Nc3 a6 6. Be3 e5 7. Nf3 Be7 8. Bc4 Nc6 9. O-O O-O 10. Qe2 b5 11. Bd5 Bb7 12. a3 Qc7 13. Rad1 Na5 14. Bxb7 Qxb7 15. Bg5 Nc4 16. Bxf6 Bxf6 17. Nd5 Bd8 18. c3 Rc8 19. Rd3 Nb6 20. Rfd1 Nxd5 21. Rxd5 Be7 22. Nd2 f5 23. Nf1 fxe4 24. Qxe4 Rc4 25. Qe2 Rcf4 26. f3 Qa7+ 27. Kh1 e4 28. Nd2 e3 29. Nf1 Re8 30. Qxe3 Qxe3 31. Nxe3 Bf6 32. Ng4 Be5 33. Nxe5 dxe5 34. Rd8 Kf7 35. R1d7+ Re7 36. Kg1 e4 37. fxe4 Rxe4 38. Rxe7+ Kxe7 39. Rd2 Re1+ 40. Kf2 Rb1 41. Ke2 Ke6 42. Kd3 a5 43. Kc2 Re1 44. Kd3 Rb1 45. Kc2 Re1 46. Rf2 Re4 47. Kb3 g5 48. Rc2 h5 49. c4 a4+ 50. Kb4 bxc4 51. Kxa4 c3+ 52. Kb3 cxb2 53. Rxb2 g4 54. a4 h4 55. a5 Kd6 56. Rc2 Re5 57. Kb4 Re4+ 58. Kb5 Re1 59. a6 Rb1+ 60. Ka5 g3 61. hxg3 hxg3 62. Rc3 Ra1+ 63. Kb6 Rb1+ 64. Ka7 Rb2 65. Rxg3 Kc6 66. Rg6+ Kc7 67. g4 Rg2 68. Rg7+ Kc6 69. g5 Rg1 70. g6 Rg2 71. Rb7 Rg3 72. g7 Rg1 73. Kb8 Rg5 74. a7 1-0


[Site "https://www.chess.com"]

[Event "Titled Tuesday Blitz May 03 Early 2022"]
[White "Krstulovic, Alex"]
[Black "Lauridsen, Jesper Morch"]
[WhiteFideId "760056"]
[BlackFideId "1401890"]
[WhiteElo "2193"]
[BlackElo "2233"]
[Result "1-0"]
[Round "01"]
[TimeControl "180+1"]
[Date "2022.05.03"]
[WhiteClock "0:00:44"]
[BlackClock "0:00:08"]

1. e4 e5 2. Nf3 Nf6 3. Nxe5 d6 4. Nf3 Nxe4 5. d4 d5 6. Bd3 Bd6 7. O-O O-O 8. Re1 Bf5 9. c4 c6 10. c5 Bc7 11. Nc3 Nxc3 12. bxc3 Bxd3 13. Qxd3 b6 14. Ng5 g6 15. Qh3 h5 16. g4 Qd7 17. f3 bxc5 18. Qh4 Na6 19. gxh5 Rae8 20. Ba3 Rxe1+ 21. Rxe1 f6 22. Ne6 g5 23. Qg4 Re8 24. Qf5 Qf7 25. h6 cxd4 26. cxd4 Be5 27. dxe5 Rxe6 28. Bb2 Nc5 29. Bd4 Nd7 30. h7+ Kh8 31. Kg2 Nxe5 32. Bxe5 Qe7 33. Bxf6+ Qxf6 34. Qxe6 1-0


[Site "https://www.chess.com"]

[Event "Titled Tuesday Blitz May 03 Early 2022"]
[White "Kulkarni, Rakesh"]
[Black "Shimanov, Aleksandr"]
[WhiteFideId "5037077"]
[BlackFideId "4198603"]
[WhiteElo "2246"]
[BlackElo "2636"]
[Result "0-1"]
[Round "01"]
[TimeControl "180+1"]
[Date "2022.05.03"]
[WhiteClock "0:00:02"]
[BlackClock "0:00:10"]

1. e4 e6 2. d4 d5 3. Bd3 Nc6 4. Nf3 dxe4 5. Bxe4 Nf6 6. Bxc6+ bxc6 7. O-O c5 8. Be3 cxd4 9. Nxd4 Bb7 10. Qe2 Qd5 11. f3 Bd6 12. Nc3 Qh5 13. g4 Qh3 14. Ndb5 O-O 15. Nxd6 cxd6 16. Rad1 d5 17. Nb5 e5 18. Nd6 Bc6 19. Bg5 Nd7 20. Nf5 Kh8 21. Ne7 Bb7 22. Nxd5 f6 23. Bc1 f5 24. Qg2 Qxg2+ 25. Kxg2 fxg4 26. fxg4 Nb6 27. c4 Nxc4 28. Rxf8+ Rxf8 29. Kg3 Nd6 30. Ne7 Ne4+ 31. Kh4 Re8 32. Rd7 Ba8 33. Be3 h6 34. g5 hxg5+ 35. Bxg5 a5 36. Ra7 a4 37. Rxa4 Nc5 38. Ra7 Nd3 39. b3 Be4 40. Be3 Rf8 41. Kg3 Rf3+ 42. Kh4 Rxe3 43. Ra8+ Kh7 44. Ra5 Nf2 45. Nf5 Bxf5 46. h3 Rxh3+ 47. Kg5 Bg6 48. Rxe5 Rh5+ 49. Kf4 Nd3+ 50. Kg4 Rxe5 0-1


[Site "https://www.chess.com"]

[Event "Titled Tuesday Blitz May 03 Early 2022"]
[White "Kuznetsov, Mikhail"]
[Black "Sargsyan, Anna M."]
[WhiteFideId "4117190"]
[BlackFideId "13308130"]
[WhiteElo "1981"]
[BlackElo "2271"]
[Result "0-1"]
[Round "01"]
[TimeControl "180+1"]
[Date "2022.05.03"]
[WhiteClock "0:00:04"]
[BlackClock "0:00:41"]

1. Nf3 d5 2. g3 Nf6 3. Bg2 Bf5 4. O-O e6 5. d4 Be7 6. c4 c6 7. Nc3 O-O 8. Qb3 Qb6 9. c5 Qa6 10. Qd1 b6 11. b4 Qc4 12. Qb3 a5 13. Ne5 Qxd4 14. Nf3 Qxb4 15. cxb6 Nbd7 16. Be3 c5 17. Nh4 Bg4 18. h3 Bh5 19. g4 Rab8 20. gxh5 Qxh4 21. h6 Rxb6 22. Qa4 d4 23. hxg7 Kxg7 24. Nb5 Rxb5 25. Qxb5 dxe3 26. fxe3 Ne5 27. Rf4 Qg3 28. Qb2 Qxe3+ 29. Rf2 Rd8 30. Rf1 c4 31. a4 c3 32. Qb3 Bc5 33. Kh1 Nh5 0-1


[Site "https://www.chess.com"]

[Event "Titled Tuesday Blitz May 03 Early 2022"]
[White "Lamaze, Simon"]
[Black "Wagh Suyog"]
[WhiteFideId "36069264"]
[BlackFideId "25071688"]
[WhiteElo "2438"]
[BlackElo "2754"]
[Result "1-0"]
[Round "01"]
[TimeControl "180+1"]
[Date "2022.05.03"]
[WhiteClock "0:00:46"]
[BlackClock "0:00:21"]

1. d4 Nf6 2. c4 e6 3. g3 c5 4. d5 exd5 5. cxd5 d6 6. Nc3 g6 7. Bg2 Bg7 8. Nf3 O-O 9. O-O Re8 10. Re1 b6 11. e4 Ba6 12. e5 dxe5 13. Nxe5 Bb7 14. Nc6 Rxe1+ 15. Qxe1 Qd7 16. Ne5 Qe8 17. Bd2 Na6 18. Nc6 Qd7 19. Rd1 Re8 20. Qf1 Nb4 21. Qb5 Nfxd5 22. Nxb4 Qxb5 23. Nxb5 cxb4 24. Bxd5 Bxd5 25. Nc7 Bf3 26. Nxe8 Bxd1 27. Nxg7 Kxg7 28. Bxb4 Kf6 29. Kf1 Kf5 30. h4 Ke4 31. Ke1 Bf3 32. Kd2 f5 33. Bd6 b5 34. b4 Bh5 35. a3 Bg4 36. Bc5 f4 37. gxf4 Kxf4 38. Bxa7 Be6 39. Bb8+ Kg4 40. Bg3 h5 41. Kc3 g5 42. Kd4 gxh4 43. Bb8 Bf5 44. Ke3 Kh3 45. Kf4 Bd7 46. Kg5 Bg4 47. f4 Be6 48. Kxh5 Bf7+ 49. Kg5 Bc4 50. f5 Bb3 51. f6 Bf7 52. Bd6 Bb3 53. Kg6 Kg2 54. f7 Bxf7+ 55. Kxf7 h3 56. Ke6 h2 57. Bxh2 Kxh2 58. Kd5 Kg3 59. Kc5 1-0


[Site "https://www.chess.com"]

[Event "Titled Tuesday Blitz May 03 Early 2022"]
[White "Le Ruyet, Leopold"]
[Black "Schmakel, Sam"]
[WhiteFideId "645923"]
[BlackFideId "2039311"]
[WhiteElo "2451"]
[BlackElo "2793"]
[Result "0-1"]
[Round "01"]
[TimeControl "180+1"]
[Date "2022.05.03"]
[WhiteClock "0:00:03"]
[BlackClock "0:00:37"]

1. e4 e5 2. Nf3 Nc6 3. Bc4 Bc5 4. Nc3 h6 5. d3 d6 6. Na4 Bb6 7. c3 Nf6 8. h3 O-O 9. Nxb6 axb6 10. Be3 d5 11. exd5 Nxd5 12. O-O Bf5 13. Re1 Re8 14. Qd2 Qd6 15. Rad1 Nce7 16. d4 e4 17. Ne5 c6 18. Bf4 b5 19. Bb3 Qd8 20. Bxh6 gxh6 21. Qxh6 Ng6 22. Nxg6 Bxg6 23. Bxd5 Qxd5 24. Re3 Qh5 25. Qf4 Qxd1+ 26. Kh2 Rxa2 27. Rg3 Ra1 28. Rg5 e3 29. Qf6 Qg1+ 30. Kg3 Qxf2+ 31. Qxf2 exf2 32. Kxf2 Ra2 33. Kg3 Rxb2 34. Kh4 Re4+ 35. g4 Re3 36. Re5 Rxe5 0-1


[Site "https://www.chess.com"]

[Event "Titled Tuesday Blitz May 03 Early 2022"]
[White "Lehtosaari, Mauri"]
[Black "Mohammadian, Mohammad"]
[WhiteFideId "501999"]
[BlackFideId "12566055"]
[WhiteElo "2535"]
[BlackElo "1544"]
[Result "1-0"]
[Round "01"]
[TimeControl "180+1"]
[Date "2022.05.03"]
[WhiteClock "0:00:18"]
[BlackClock "0:00:01"]

1. d4 Nf6 2. Nf3 g6 3. Bg5 Bg7 4. Nbd2 O-O 5. c3 d5 6. e3 c6 7. Be2 Bf5 8. O-O Nbd7 9. Qb3 Qb6 10. c4 Qxb3 11. axb3 dxc4 12. bxc4 e6 13. b4 Rfe8 14. Ra5 Nh5 15. Ne5 Nxe5 16. dxe5 Bh8 17. Bxh5 gxh5 18. Rfa1 a6 19. f4 Bg7 20. b5 cxb5 21. cxb5 h6 22. Bh4 Rec8 23. bxa6 bxa6 24. Rxa6 Rxa6 25. Rxa6 Rc1+ 26. Kf2 Rc2 27. Ke1 Bf8 28. Ra8 Rc7 29. Nf3 Be4 30. Rb8 Rc1+ 31. Kd2 Rc2+ 32. Kd1 Rxg2 33. Nd2 Rg1+ 34. Ke2 Rg2+ 35. Ke1 Rg1+ 36. Kf2 Rd1 37. Ke2 Rh1 38. Be7 Rxh2+ 39. Ke1 Rh1+ 40. Kf2 Rh2+ 41. Kg3 Rxd2 42. Rxf8+ Kh7 43. Rb8 Rg2+ 44. Kh3 Re2 45. Bf6 Rxe3+ 46. Kh4 Kg6 47. Rg8+ Kf5 48. Rg3 Rxg3 49. Kxg3 Bd3 50. Be7 Be2 51. Kf2 Bg4 52. Kg3 1-0


[Site "https://www.chess.com"]

[Event "Titled Tuesday Blitz May 03 Early 2022"]
[White "Leiva, Gianmarco"]
[Black "Rodchenkov, Sergey D."]
[WhiteFideId "3804399"]
[BlackFideId "4168712"]
[WhiteElo "2789"]
[BlackElo "2450"]
[Result "1-0"]
[Round "01"]
[TimeControl "180+1"]
[Date "2022.05.03"]
[WhiteClock "0:00:12"]
[BlackClock "0:00:28"]

1. Nf3 d5 2. g3 Nf6 3. Bg2 c6 4. O-O Bg4 5. d3 Nbd7 6. Nbd2 e6 7. e4 Be7 8. a4 O-O 9. a5 dxe4 10. dxe4 Nc5 11. Qe2 Qc7 12. b4 Ncd7 13. c3 Rfd8 14. Nc4 c5 15. b5 e5 16. h3 Bh5 17. Bg5 h6 18. Bc1 Re8 19. Qc2 Bg6 20. Nh4 Bh7 21. Be3 Nf8 22. Nf5 Ne6 23. b6 Qb8 24. Rfd1 Bf8 25. Rab1 a6 26. Qa4 Ng5 27. Ncd6 Re6 28. Bxc5 Ngxe4 29. Nxe4 Nxe4 30. Bxf8 Nxc3 31. Qg4 Rg6 32. Ne7+ Kh8 33. Nxg6+ Bxg6 34. Bd6 Qg8 35. Rbc1 Nxd1 36. Rxd1 Re8 37. Bxb7 Qh7 38. Bc6 f5 39. Qe2 Rd8 40. b7 Qg8 41. Rb1 Rb8 42. Bxb8 Qxb8 43. Qxa6 f4 44. Qa8 Kh7 45. Qxb8 Bxb1 46. Qxe5 1-0


[Site "https://www.chess.com"]

[Event "Titled Tuesday Blitz May 03 Early 2022"]
[White "Levitskiy, Andrey"]
[Black "Subaste, Arman"]
[WhiteFideId "14132885"]
[BlackFideId "5221080"]
[WhiteElo "2301"]
[BlackElo "1856"]
[Result "1-0"]
[Round "01"]
[TimeControl "180+1"]
[Date "2022.05.03"]
[WhiteClock "0:00:55"]
[BlackClock "0:02:03"]

1. e4 e5 2. Nf3 Nf6 3. Nxe5 d6 4. Nd3 Nxe4 5. Qe2 Qe7 6. Nf4 Nf6 7. f3 d5 8. d4 Qxe2+ 9. Bxe2 Bd6 10. Kf2 O-O 11. h4 c5 12. Nc3 cxd4 13. Ncxd5 Nxd5 14. Nxd5 Nc6 15. Bf4 Bc5 16. Bd3 Be6 17. Nc7 Rad8 18. Nxe6 fxe6 19. Bg5 Be7 20. Bc4 Kf7 21. Rae1 Rd6 22. Bf4 Rdd8 23. Rxe6 Ke8 24. Bg5 Kd7 25. Bxe7 Nxe7 26. Rhe1 Nc6 27. Bb5 Rde8 28. Rxe8 Rxe8 29. Rxe8 Kxe8 30. Ke2 Ke7 31. Bxc6 bxc6 32. Kd3 c5 33. g4 Kd6 34. Ke4 a5 35. f4 Ke6 36. f5+ Kd6 37. g5 a4 38. h5 a3 39. bxa3 1-0


[Site "https://www.chess.com"]

[Event "Titled Tuesday Blitz May 03 Early 2022"]
[White "Ljukin, Sergei"]
[Black "Svane, Rasmus"]
[WhiteFideId "14102200"]
[BlackFideId "4657101"]
[WhiteElo "2312"]
[BlackElo "2645"]
[Result "0-1"]
[Round "01"]
[TimeControl "180+1"]
[Date "2022.05.03"]
[WhiteClock "0:00:41"]
[BlackClock "0:00:11"]

1. e4 c6 2. d4 d5 3. e5 Bf5 4. Nd2 e6 5. Nb3 Nd7 6. Nf3 Ne7 7. Be2 Ng6 8. O-O f6 9. exf6 Qxf6 10. c4 Bd6 11. Bg5 Qf7 12. Qd2 O-O 13. Bd3 h6 14. Be3 Bg4 15. Be2 Nf6 16. Qc2 Ne4 17. Ng5 Nxg5 18. Bxg4 Ne4 19. Bh5 Kh7 20. Rae1 Qf5 21. Bf3 Nf6 22. Qxf5 exf5 23. cxd5 Nxd5 24. Nc5 Bxc5 25. dxc5 Rad8 26. Bd4 Rf7 27. Bh5 Ndf4 28. Bxg6+ Kxg6 29. Bc3 Rfd7 30. g3 Nd3 31. Re6+ Kf7 32. Re3 Nxc5 33. Rfe1 Ne4 34. Be5 Rd1 35. f3 Ng5 36. Rxd1 Rxd1+ 37. Kf2 Rd2+ 38. Re2 Rxe2+ 39. Kxe2 g6 40. h4 Ne6 41. Ke3 Nf8 42. Bb8 a6 43. Kd4 Nd7 44. Bc7 Ke6 45. b4 h5 46. Bf4 Nf8 47. Kc5 Kd7 48. Kb6 Kc8 49. Kc5 Ne6+ 50. Kd6 Nxf4 51. gxf4 Kb8 52. a4 a5 53. bxa5 Ka7 54. Kc5 Ka6 55. Kb4 c5+ 56. Kc4 Kxa5 57. Kxc5 Kxa4 58. Kb6 Kb4 59. Kxb7 Kc4 60. Kc6 Kd4 61. Kd6 Ke3 62. Ke6 Kxf4 63. Kf6 Kxf3 64. Kxg6 Kg4 0-1


[Site "https://www.chess.com"]

[Event "Titled Tuesday Blitz May 03 Early 2022"]
[White "Manukian, Artak"]
[Black "Korchmar, Vasiliy"]
[WhiteFideId "13301373"]
[BlackFideId "24131750"]
[WhiteElo "2366"]
[BlackElo "2370"]
[Result "0-1"]
[Round "01"]
[TimeControl "180+1"]
[Date "2022.05.03"]
[WhiteClock "0:00:13"]
[BlackClock "0:00:05"]

1. e4 c5 2. Nf3 d6 3. Bb5+ Nd7 4. O-O a6 5. Bd3 Ngf6 6. Re1 e6 7. a4 b6 8. c3 Bb7 9. Na3 Be7 10. Bc2 O-O 11. d4 d5 12. e5 Ne4 13. Nd2 cxd4 14. cxd4 Bb4 15. Nxe4 dxe4 16. Bd2 Bxd2 17. Qxd2 Nxe5 18. Bxe4 Bxe4 19. Rxe4 Nc6 20. Nc2 Ne7 21. Rd1 Rc8 22. Ne3 Nd5 23. Nxd5 Qxd5 24. Re5 Qb3 25. a5 b5 26. Re2 Rfd8 27. h4 Rc4 28. d5 exd5 29. Re3 Qc2 30. Qxc2 Rxc2 31. Rxd5 Rcc8 32. Rxd8+ Rxd8 33. Re7 Kf8 34. Ra7 Rd1+ 35. Kh2 Rd2 36. Kg3 Rxb2 37. Rxa6 g6 38. Rb6 h5 39. a6 Kg7 40. a7 Ra2 41. Rb7 b4 42. Rxb4 Ra3+ 43. f3 Rxa7 44. Re4 Ra5 45. Re3 Rd5 46. Re4 Kf6 47. Rf4+ Ke6 48. Re4+ Re5 49. Rf4 f6 50. Re4 Rxe4 51. f4 Re3+ 52. Kf2 Ra3 53. g3 Kf5 0-1


[Site "https://www.chess.com"]

[Event "Titled Tuesday Blitz May 03 Early 2022"]
[White "Martin Carmona, Gaston Manuel"]
[Black "Bluebaum, Matthias"]
[WhiteFideId "22284567"]
[BlackFideId "24651516"]
[WhiteElo "2146"]
[BlackElo "2550"]
[Result "0-1"]
[Round "01"]
[TimeControl "180+1"]
[Date "2022.05.03"]
[WhiteClock "0:00:09"]
[BlackClock "0:00:54"]

1. d4 Nf6 2. c4 e6 3. Nc3 Bb4 4. Qc2 d5 5. cxd5 exd5 6. Bg5 h6 7. Bh4 g5 8. Bg3 Nc6 9. e3 h5 10. h3 h4 11. Bh2 Be6 12. Bd3 a6 13. a3 Bd6 14. Bxd6 Qxd6 15. Nge2 Ne7 16. O-O-O O-O-O 17. Kb1 Kb8 18. Na4 Nd7 19. Rc1 Rc8 20. Qb3 Ka7 21. Nc5 Nxc5 22. dxc5 Qd7 23. Nd4 Nc6 24. Qa4 Nxd4 25. Qxd4 c6 26. Rhd1 Bf5 27. Ka2 Rhe8 28. Qf6 Bxd3 29. Rxd3 Qe7 30. Qxe7 Rxe7 31. b4 f5 32. Rd4 Rf8 33. Rcd1 f4 34. exf4 Rxf4 35. Rxf4 Re2+ 36. Kb3 gxf4 37. Rf1 Kb8 38. Kc3 Kc7 39. a4 b6 40. cxb6+ Kxb6 41. Kd3 Ra2 42. a5+ Kb5 43. Rc1 Rxf2 44. Rc5+ Kxb4 45. Rxc6 Kxa5 46. Rc5+ Ka4 47. Rxd5 f3 48. Ke3 Rxg2 49. Kxf3 Rg3+ 50. Kf2 Rxh3 51. Rd4+ Kb3 52. Kg2 Rg3+ 53. Kh2 a5 54. Rd8 a4 55. Rb8+ Ka2 56. Ra8 a3 57. Rb8 Rb3 58. Ra8 Kb2 0-1


[Site "https://www.chess.com"]

[Event "Titled Tuesday Blitz May 03 Early 2022"]
[White "Martin Duque, Jesus"]
[Black "Yuan, Qingyu"]
[WhiteFideId "2208954"]
[BlackFideId "8609772"]
[WhiteElo "2476"]
[BlackElo "2826"]
[Result "0-1"]
[Round "01"]
[TimeControl "180+1"]
[Date "2022.05.03"]
[WhiteClock "0:00:05"]
[BlackClock "0:00:09"]

1. Nf3 d5 2. b3 c5 3. e3 Nf6 4. Bb2 g6 5. Bb5+ Nbd7 6. c4 dxc4 7. Bxf6 exf6 8. bxc4 Bg7 9. O-O O-O 10. Nc3 Nb6 11. Qe2 Be6 12. Na4 a6 13. Nxb6 axb5 14. Nxa8 Bxc4 15. Qd1 Qxa8 16. Re1 f5 17. Rb1 Qxa2 18. d3 Rd8 19. Re2 Qa5 20. Rd2 Bc3 21. dxc4 Bxd2 22. Ra1 Qc3 23. cxb5 Kg7 24. h4 Bxe3 25. Qa4 Bd4 26. Rf1 Qb4 27. Qxb4 cxb4 28. Nd2 Bc3 29. Nb3 Rd5 30. b6 Rd6 31. Rb1 Rxb6 32. g3 Rd6 33. Kg2 b6 34. Kf3 Rd3+ 35. Ke2 Rd6 36. Nc1 Rd2+ 37. Ke3 Rd1 38. Ke2 Re1+ 39. Kd3 Kf6 40. Kc2 Rf1 41. Nd3 Rxb1 42. Kxb1 Ke6 43. Kc2 Kd5 44. Nf4+ Ke4 45. Nd3 Kd4 46. Nc1 Ke4 47. Nd3 Kf3 48. Kb3 f6 49. Kc4 Bd2 50. h5 gxh5 51. Kd4 f4 52. gxf4 b3 53. Kc4 h4 54. Kxb3 h3 55. Kc2 Bxf4 56. Ne1+ Kxf2 57. Nd3+ Kg3 58. Kd1 h2 59. Ke2 h1=Q 60. Nf2 Qf3+ 61. Kf1 Qxf2# 0-1


[Site "https://www.chess.com"]

[Event "Titled Tuesday Blitz May 03 Early 2022"]
[White "Martinovici, Ilia"]
[Black "Varshini, V"]
[WhiteFideId "13907034"]
[BlackFideId "5091241"]
[WhiteElo "2282"]
[BlackElo "1948"]
[Result "1/2-1/2"]
[Round "01"]
[TimeControl "180+1"]
[Date "2022.05.03"]
[WhiteClock "0:00:17"]
[BlackClock "0:00:08"]

1. d4 d5 2. c4 e6 3. Nc3 Nf6 4. cxd5 exd5 5. Bg5 Be7 6. e3 O-O 7. Bd3 c6 8. Qc2 Nbd7 9. Nge2 h6 10. Bf4 Re8 11. O-O Nf8 12. Rab1 a5 13. a3 Ne6 14. Be5 Bd6 15. b4 axb4 16. axb4 Qe7 17. b5 Bxe5 18. dxe5 Nd7 19. f4 Qc5 20. Qd2 d4 21. exd4 Nxd4 22. Nxd4 Qxd4+ 23. Kh1 Kh8 24. bxc6 bxc6 25. Rfd1 Nc5 26. Bc2 Qxd2 27. Rxd2 Be6 28. Ne2 Red8 29. Nd4 Bd5 30. Rbd1 Ne4 31. Bxe4 Bxe4 32. Kg1 c5 33. Nb3 Rxd2 34. Nxd2 Rd8 35. Re1 Rxd2 36. Rxe4 Rc2 37. Ra4 Kg8 38. Ra8+ Kh7 39. f5 Re2 40. Re8 c4 41. Re7 c3 42. Kf1 c2 43. Rc7 Rxe5 44. Rxc2 Rxf5+ 45. Kg1 Kg6 46. h3 f6 47. Rc4 Re5 48. Kh2 h5 49. Rc8 Kh6 50. Kg3 g5 51. Rc6 Kg6 52. Kf3 h4 53. Kf2 Rf5+ 54. Kg1 Rf4 55. Rc5 Kh6 56. Rc6 Kh5 57. Kh2 f5 58. Rf6 Rf2 59. Kg1 Rf4 60. Rf8 g4 61. Rh8+ Kg5 62. Rg8+ Kf6 63. hxg4 fxg4 64. Rh8 Kg5 65. Rg8+ Kh5 66. Rh8+ Kg5 67. Rg8+ Kh5 68. Rh8+ Kg5 1/2-1/2


[Site "https://www.chess.com"]

[Event "Titled Tuesday Blitz May 03 Early 2022"]
[White "Matinian, Nikita"]
[Black "Shtyka, Sergey"]
[WhiteFideId "24129100"]
[BlackFideId "4138465"]
[WhiteElo "2754"]
[BlackElo "2443"]
[Result "1-0"]
[Round "01"]
[TimeControl "180+1"]
[Date "2022.05.03"]
[WhiteClock "0:02:08"]
[BlackClock "0:00:06"]

1. e4 c5 2. Nf3 d6 3. d4 cxd4 4. Nxd4 Nf6 5. Nc3 g6 6. Be3 Bg7 7. Be2 O-O 8. Qd2 Nc6 9. O-O-O d5 10. Nxc6 bxc6 11. exd5 cxd5 12. Nxd5 Nxd5 13. Qxd5 Qc7 14. Qc5 Qb7 15. Qa3 Bf5 16. Bf3 Be4 17. Bxe4 Qxe4 18. f3 Qb7 19. Bd4 Bxd4 20. Rxd4 Rfd8 21. Rhd1 Rxd4 22. Rxd4 Qb6 23. Qb4 Qe6 24. b3 Qe2 25. Qd2 Qf1+ 26. Kb2 Rc8 27. Rd8+ Rxd8 28. Qxd8+ Kg7 29. Qd4+ Kg8 30. Qxa7 Qxg2 31. a4 Qxh2 32. a5 Qe5+ 33. c3 h5 34. a6 h4 35. f4 Qe2+ 36. Ka3 h3 37. Qb7 Qg2 38. Qb8+ Kh7 39. a7 h2 40. a8=Q h1=Q 41. Qh8# 1-0


[Site "https://www.chess.com"]

[Event "Titled Tuesday Blitz May 03 Early 2022"]
[White "Melaugh, Shane"]
[Black "Harshavardhan G B"]
[WhiteFideId "2509580"]
[BlackFideId "25059009"]
[WhiteElo "1972"]
[BlackElo "1831"]
[Result "1/2-1/2"]
[Round "01"]
[TimeControl "180+1"]
[Date "2022.05.03"]
[WhiteClock "0:00:11"]
[BlackClock "0:00:08"]

1. c4 Nf6 2. Nc3 e5 3. Nf3 Nc6 4. e4 Bb4 5. d3 d6 6. h3 Nd4 7. Bg5 c6 8. a3 Ba5 9. b4 Bc7 10. Nxd4 exd4 11. Ne2 c5 12. Nf4 h6 13. Bxf6 Qxf6 14. Nd5 Qd8 15. Be2 O-O 16. Bg4 Be6 17. Nf4 Qd7 18. O-O Bd8 19. Nd5 Be7 20. f4 Rae8 21. Qf3 Bd8 22. f5 Bxd5 23. cxd5 Bf6 24. bxc5 dxc5 25. Rab1 b5 26. Rfc1 c4 27. dxc4 bxc4 28. Rxc4 Qe7 29. Re1 Be5 30. Rc6 Rb8 31. Qd3 Qh4 32. Rf1 f6 33. Bd1 Rb2 34. d6 Qg5 35. Bc2 Rd8 36. Qc4+ Kh7 37. d7 Qe3+ 38. Kh1 Qg3 39. Kg1 Qh2+ 40. Kf2 Qf4+ 41. Kg1 Qe3+ 42. Rf2 Qc1+ 43. Rf1 Qe3+ 1/2-1/2


[Site "https://www.chess.com"]

[Event "Titled Tuesday Blitz May 03 Early 2022"]
[White "Melian, Juan Sebastian"]
[Black "Cunjalo, Faris"]
[WhiteFideId "3706575"]
[BlackFideId "14410710"]
[WhiteElo "1842"]
[BlackElo "2263"]
[Result "0-1"]
[Round "01"]
[TimeControl "180+1"]
[Date "2022.05.03"]
[WhiteClock "0:00:12"]
[BlackClock "0:00:34"]

1. e4 Nc6 2. Nc3 d6 3. d4 Nf6 4. Nge2 g6 5. f3 a6 6. Be3 b5 7. a3 Rb8 8. Qd2 h5 9. d5 Ne5 10. Nd4 Bd7 11. h3 c5 12. dxc6 Nxc6 13. Nxc6 Bxc6 14. Be2 Bg7 15. O-O O-O 16. Rad1 a5 17. Bd4 b4 18. axb4 axb4 19. Na2 b3 20. cxb3 e5 21. Bc3 d5 22. Bxe5 Rxb3 23. exd5 Nxd5 24. Bxg7 Kxg7 25. Bc4 Qb6+ 26. Kh1 Rxb2 27. Qc1 Ne3 28. Qc3+ Kh7 29. Rfe1 Nxd1 30. Rxd1 Qf2 31. Rg1 Bd7 32. Qf6 Bxh3 33. Bxf7 Bxg2+ 34. Kh2 Bxf3+ 35. Kh3 Qh2# 0-1


[Site "https://www.chess.com"]

[Event "Titled Tuesday Blitz May 03 Early 2022"]
[White "Meshkovs, Nikita"]
[Black "Mortazavi, Ali"]
[WhiteFideId "11602740"]
[BlackFideId "401323"]
[WhiteElo "2785"]
[BlackElo "2446"]
[Result "1-0"]
[Round "01"]
[TimeControl "180+1"]
[Date "2022.05.03"]
[WhiteClock "0:00:16"]
[BlackClock "0:00:02"]

1. Nf3 Nf6 2. d4 g6 3. g3 Bg7 4. Bg2 O-O 5. O-O d6 6. Re1 d5 7. a4 c5 8. dxc5 Na6 9. a5 Nxc5 10. Nc3 a6 11. Be3 Nce4 12. Nxe4 Nxe4 13. Bd4 f6 14. Nd2 Nxd2 15. Qxd2 Be6 16. Bb6 Qd7 17. e4 dxe4 18. Qxd7 Bxd7 19. Bxe4 Rac8 20. Bxb7 Rxc2 21. Bxa6 e5 22. b3 f5 23. Bc4+ Kh8 24. a6 Bc6 25. Rec1 Rb2 26. Be6 Ba8 27. Rc7 Re8 28. Bc4 f4 29. Rd1 fxg3 30. hxg3 Bh6 31. a7 Bd2 32. Rd7 Bg5 33. Bd8 Bxd8 34. Rxd8 Rxd8 35. Rxd8+ Kg7 36. Rxa8 1-0


[Site "https://www.chess.com"]

[Event "Titled Tuesday Blitz May 03 Early 2022"]
[White "Mikhailovsky, Vladimir"]
[Black "Murtazin, Bulat"]
[WhiteFideId "34105414"]
[BlackFideId "24151351"]
[WhiteElo "2349"]
[BlackElo "2329"]
[Result "1-0"]
[Round "01"]
[TimeControl "180+1"]
[Date "2022.05.03"]
[WhiteClock "0:00:27"]
[BlackClock "0:00:01"]

1. e4 c6 2. d4 d5 3. e5 Bf5 4. h4 h5 5. Bd3 Bxd3 6. Qxd3 Qa5+ 7. b4 Qxb4+ 8. Nd2 e6 9. Rb1 Qe7 10. Ngf3 b5 11. O-O Nh6 12. a4 a6 13. Nb3 Nf5 14. Bg5 Qc7 15. axb5 cxb5 16. Ra1 Bb4 17. c3 Qxc3 18. Qb1 Qc7 19. Rc1 Nc6 20. Qc2 Kd7 21. Bd2 Be7 22. Ng5 Rhf8 23. Qd1 g6 24. Na5 Nfxd4 25. Nf3 Qb6 26. Nxd4 Nxd4 27. Be3 Bc5 28. Rxc5 Qxc5 29. Bxd4 Qc7 30. Nb3 1-0


[Site "https://www.chess.com"]

[Event "Titled Tuesday Blitz May 03 Early 2022"]
[White "Mikhnenko, Alexander"]
[Black "Sokolovsky, Yahli"]
[WhiteFideId "34143014"]
[BlackFideId "2820242"]
[WhiteElo "2117"]
[BlackElo "1770"]
[Result "1/2-1/2"]
[Round "01"]
[TimeControl "180+1"]
[Date "2022.05.03"]
[WhiteClock "0:00:39"]
[BlackClock "0:00:06"]

1. e4 g6 2. d4 Bg7 3. Nc3 d6 4. Be3 a6 5. a4 b6 6. Qd2 Bb7 7. Nf3 Nd7 8. Bc4 e6 9. O-O Ne7 10. Bh6 O-O 11. Rad1 d5 12. exd5 Nxd5 13. Nxd5 Bxd5 14. Bxd5 exd5 15. Bxg7 Kxg7 16. c3 Nf6 17. Ne5 Ne4 18. Qf4 f6 19. Ng4 Qd6 20. Qh6+ Kg8 21. f3 Ng5 22. Qh4 Rae8 23. Rfe1 h5 24. Nf2 Nf7 25. Nd3 Nh6 26. Qf4 Nf5 27. Qxd6 Nxd6 28. Kf2 Kf7 29. b3 a5 30. g3 g5 31. h3 Rxe1 32. Rxe1 Re8 33. Rxe8 Kxe8 34. g4 h4 35. Ke3 Ke7 36. Nf2 Ke6 37. Kd3 Nc8 38. c4 Ne7 39. Ke3 Ng6 40. Nd3 Kd6 41. c5+ Kc6 42. b4 Kd7 43. b5 Ke6 44. cxb6 cxb6 45. Kd2 Ne7 46. Ke3 Nc8 47. f4 Nd6 48. f5+ Kd7 49. Nb2 Ne4 50. Nd3 Nc3 51. Nb2 Kd6 52. Kd3 Ne4 53. Ke3 Ng3 54. Kf2 Kc7 55. Nd1 Kd7 56. Nc3 Kd6 57. Kf3 Nf1 58. Ke2 Ng3+ 59. Kf3 Nh1 60. Kg2 Ng3 61. Kf3 1/2-1/2


[Site "https://www.chess.com"]

[Event "Titled Tuesday Blitz May 03 Early 2022"]
[White "Miszler, Levente"]
[Black "Beerdsen, Thomas"]
[WhiteFideId "763276"]
[BlackFideId "1030108"]
[WhiteElo "1966"]
[BlackElo "2585"]
[Result "0-1"]
[Round "01"]
[TimeControl "180+1"]
[Date "2022.05.03"]
[WhiteClock "0:00:11"]
[BlackClock "0:01:11"]

1. Nf3 h6 2. c4 g5 3. Nc3 Bg7 4. g3 c5 5. Bg2 Nc6 6. O-O d6 7. a3 Nf6 8. Rb1 Bf5 9. d3 Nd7 10. Bd2 a5 11. Ne1 e6 12. Nc2 h5 13. b4 axb4 14. axb4 h4 15. bxc5 hxg3 16. fxg3 Nxc5 17. e4 Bg6 18. Qe2 Bh5 19. Qe3 Ra3 20. d4 Nb3 21. Nxa3 Ncxd4 22. Nab5 Be5 23. Rxb3 Nxb3 24. Qxg5 Qb6+ 25. Be3 Nd4 26. Nxd4 Bxd4 27. Nd1 Bxd1 28. Rxd1 Bxe3+ 29. Kh1 Bxg5 0-1


[Site "https://www.chess.com"]